Map: Blackpink LE

Players

DnS - Winner!

  • Race: Protoss Protoss
  • Spawn Location: 1:00

souL

  • Race: Terran Terran
  • Spawn Location: 7:00

Event: WCS Leipzig 2018

VOD

Have the link to the VOD?

Description

Time

  • Played on: Jan. 26, 2018, 10:04 a.m.
  • Length: 12:59

All games in this series

Show
View Real Time Build Order
Export as new Build Order

DnS Protoss - Winner!

Build Orders: 1 Gate Expand, Oracle Opening, Phoenix Opening 

Get SALT Encoding   

  12  0:00  Probe  
  13  0:12  Probe  
  14  0:20  Pylon  
  14  0:24  Probe  
  15  0:38  Probe (Chrono Boost)  
  15  0:40  Gateway  
  16  0:47  Probe (Chrono Boost), Assimilator  
  17  0:52  Probe (Chrono Boost)  
  18  1:04  Probe  
  19  1:16  Probe  
  20  1:24  Nexus  
  20  1:34  Cybernetics Core  
  20  1:36  Probe  
  21  1:43  Assimilator  
  21  1:48  Probe  
  21  1:53  Pylon  
  22  2:00  Probe  
  23  2:09  Adept (Chrono Boost)  
  23  2:12  Probe  
  26  2:21  Stargate  
  26  2:24  Probe (Chrono Boost)  
  26  2:27  Adept (Chrono Boost)  
  29  2:35  Probe (Chrono Boost)  
  29  2:36  Warp Gate  
  31  2:42  Probe (Chrono Boost)  
  32  2:45  Probe (Chrono Boost)  
  32  2:46  Adept (Chrono Boost)  
  32  2:49  Probe (Chrono Boost)  
  32  2:50  Probe (Chrono Boost)  
  36  3:00  Probe  
  36  3:02  Probe  
  38  3:07  Oracle (Chrono Boost)  
  39  3:13  Probe  
  39  3:14  Probe  
  39  3:15  Adept  
  39  3:19  Pylon  
  43  3:25  Probe  
  44  3:31  Probe  
  45  3:37  Probe  
  46  3:43  Gateway x2  
  46  3:47  Phoenix (Chrono Boost)  
  48  3:50  Probe x2  
  48  3:54  Gateway  
  50  3:56  Shield Battery  
  48  4:11  Probe  
  48  4:14  Probe  
  47  4:23  Probe  
  47  4:26  Probe  
  47  4:34  Pylon, Oracle  
  47  4:35  Probe  
  51  4:40  Probe  
  51  4:41  Stalker  
  54  4:52  Probe x2, Pylon  
  56  4:56  Pylon  
  56  5:00  Stalker x2  
  56  5:02  Stalker  
  62  5:10  Probe x2  
  64  5:15  Nexus  
  64  5:22  Probe  
  65  5:31  Probe  
  65  5:34  Probe  
  63  5:36  Twilight Council  
  63  5:37  Forge  
  63  5:41  Assimilator x2  
  61  5:43  Probe  
  61  5:48  Protoss Ground Armor Level 1  
  58  5:51  Probe  
  58  5:56  Probe  
  60  6:03  Probe, Stalker x2, Sentry, Pylon  
  67  6:08  Probe  
  68  6:11  Charge (Chrono Boost)  
  68  6:16  Probe  
  69  6:20  Gateway  
  69  6:21  Probe  
  69  6:22  Gateway  
  69  6:25  Gateway  
  70  6:30  Probe  
  69  6:37  Sentry, Zealot x3  
  69  6:38  Probe  
  78  6:44  Probe x2  
  76  6:47  Phoenix  
  76  6:50  Probe  
  76  6:53  Gateway  
  79  6:54  Pylon  
  79  6:56  Probe x2  
  81  7:05  Zealot x4  
  81  7:07  Probe  
  90  7:10  Pylon  
  90  7:14  Phoenix (Chrono Boost)  
  92  7:19  Zealot x2  
  92  7:20  Probe  
  92  7:22  Pylon  
  97  7:27  Zealot  
  97  7:28  Zealot x2  
  103  7:35  Protoss Ground Armor Level 2 (Chrono Boost)  
  103  7:37  Phoenix (Chrono Boost)  
  105  7:38  Templar Archives  
  105  7:40  Zealot x2  
  109  7:45  Robotics Facility  
  109  7:51  Phoenix  
  109  8:02  Zealot x5  
  109  8:05  Pylon  
  119  8:11  Assimilator  
  119  8:20  Zealot x3, Pylon  
  125  8:29  Zealot  
  109  8:39  High Templar x3  
  109  8:40  High Templar, Warp Prism  
  113  8:42  Zealot x3  
  113  8:43  Archon  
  113  8:44  Archon  
  113  8:46  Phoenix (Chrono Boost)  
  121  8:55  Pylon  
  118  8:56  Zealot  
  118  8:58  Pylon  
  120  9:07  High Templar x2, Zealot  
  126  9:10  Pylon  
  126  9:12  Archon  
  126  9:15  Zealot x4  
  134  9:18  Pylon  
  134  9:21  Nexus  
  134  9:23  Pylon  
  134  9:26  Blink  
  134  9:29  Assimilator  
  134  9:30  Protoss Ground Weapons Level 1 (Chrono Boost)  
  134  9:48  Zealot x2  
  134  9:49  Zealot x6  
  134  9:51  Phoenix  
  137  10:08  Gateway  
  135  10:16  Phoenix  
  135  10:17  Gateway  
  135  10:19  Gateway  
  137  10:25  Probe x3  
  140  10:30  Pylon  
  140  10:34  Probe  
  141  10:35  Zealot x3  
  141  10:36  Zealot x3  
  141  10:37  Probe  
  134  11:00  Zealot x4  
  134  11:01  Zealot x2  
  132  11:10  Probe  
  132  11:11  Probe x2  
  113  11:12  Observer (Chrono Boost)  
  92  11:21  Stalker  
  92  11:22  Stalker x8  
  102  11:30  Immortal (Chrono Boost)  
  102  11:36  Forge  
  106  11:47  High Templar x3, Pylon  
  106  11:48  High Templar x3, Sentry  
  106  11:49  Stalker, Sentry  
  106  11:52  Archon x3  
  124  11:57  Probe x2  
  124  11:59  Immortal (Chrono Boost)  
  130  12:12  Zealot x3  
  136  12:20  Zealot x2  
  136  12:21  Zealot x5  
  148  12:48  Zealot x6  
  148  12:49  Zealot x4  
Show
View Real Time Build Order
Export as new Build Order

souL Terran 

Build Orders: MMM Bio 

Get SALT Encoding   

  12  0:01  SCV  
  13  0:13  SCV  
  14  0:17  Supply Depot  
  14  0:25  SCV  
  15  0:41  SCV, Barracks  
  16  0:45  Refinery  
  16  0:53  SCV  
  17  1:05  SCV  
  18  1:18  SCV  
  19  1:31  Orbital Command, Marine  
  20  1:44  Command Center  
  20  1:55  Factory  
  20  1:58  SCV  
  21  2:05  Barracks Reactor  
  21  2:10  SCV  
  21  2:15  Supply Depot  
  23  2:22  SCV  
  23  2:42  Starport  
  23  2:45  SCV  
  23  2:46  Hellion x2  
  28  2:57  Orbital Command  
  28  3:02  SCV  
  29  3:07  Hellion  
  29  3:08  Hellion  
  31  3:14  SCV  
  31  3:19  Supply Depot  
  32  3:20  Medivac  
  32  3:24  SCV  
  32  3:26  SCV  
  36  3:31  Refinery  
  36  3:32  Marine  
  36  3:33  Marine  
  38  3:36  SCV  
  38  3:38  SCV  
  38  3:40  Widow Mine  
  42  3:42  Supply Depot  
  42  3:48  SCV  
  43  3:50  Marine  
  43  3:51  SCV  
  45  4:00  SCV  
  46  4:02  Marine  
  46  4:08  Marine  
  44  4:15  SCV  
  44  4:16  SCV  
  46  4:20  Marine  
  45  4:26  Marine  
  45  4:27  SCV  
  45  4:28  SCV  
  44  4:33  Barracks  
  44  4:35  Barracks  
  44  4:38  Marine  
  44  4:39  SCV  
  44  4:40  SCV  
  44  4:44  Marine  
  46  4:49  Engineering Bay  
  46  4:51  SCV  
  46  4:52  SCV  
  48  4:54  Factory Tech Lab  
  48  4:55  Supply Depot  
  48  4:56  Marine  
  48  4:57  Bunker  
  49  5:02  Marine  
  49  5:03  SCV  
  49  5:04  SCV  
  52  5:07  Supply Depot  
  52  5:09  Supply Depot  
  52  5:15  SCV  
  52  5:16  Terran Infantry Weapons Level 1  
  52  5:17  SCV, Missile Turret  
  52  5:19  Factory Reactor  
  54  5:27  SCV  
  55  5:29  SCV  
  55  5:30  Marine  
  55  5:34  Barracks Tech Lab  
  53  5:39  Marine  
  53  5:40  SCV  
  53  5:41  SCV  
  53  5:42  Marine  
  56  5:48  Marine  
  55  5:53  Marine  
  48  5:57  Marine  
  48  5:59  Combat Shields, Stimpack  
  48  6:00  Marine  
  49  6:04  Missile Turret  
  49  6:06  Marine  
  49  6:07  Starport Reactor  
  49  6:11  Marine  
  49  6:15  Marine  
  49  6:16  SCV  
  49  6:18  Marine  
  48  6:19  Widow Mine  
  48  6:20  Widow Mine  
  48  6:21  SCV  
  48  6:23  Marine  
  55  6:28  Marine  
  55  6:29  SCV  
  53  6:33  SCV, Marine  
  53  6:35  Barracks  
  53  6:36  Marine, Barracks  
  53  6:41  Marine  
  53  6:42  SCV  
  53  6:45  Medivac  
  53  6:46  Medivac, Marine  
  61  6:47  Widow Mine  
  61  6:51  Marine  
  61  6:53  Refinery  
  61  6:54  Refinery, Marine  
  62  6:59  Marine  
  62  7:00  Widow Mine  
  66  7:05  Marauder  
  70  7:08  Widow Mine, Marine  
  70  7:12  Marauder  
  70  7:13  Terran Infantry Armor Level 1  
  73  7:18  SCV  
  73  7:21  Widow Mine, Supply Depot  
  76  7:25  Medivac  
  76  7:26  Medivac, Marauder  
  76  7:28  Marine  
  76  7:29  Barracks Tech Lab  
  83  7:32  Widow Mine  
  85  7:40  Barracks Reactor  
  85  7:43  Marauder  
  87  7:46  SCV  
  88  7:51  SCV  
  88  7:55  Command Center, Marine  
  88  7:56  Marauder  
  92  7:58  SCV, Marine  
  92  7:59  Concussive Shells  
  94  8:09  Supply Depot  
  94  8:11  Supply Depot  
  94  8:14  SCV  
  94  8:27  Marine  
  94  8:28  Medivac, Marine  
  94  8:29  Marine, Marauder  
  94  8:30  Marine, Marauder  
  94  8:32  Marine  
  94  8:34  Medivac  
  90  8:39  Widow Mine  
  89  8:42  SCV x2  
  89  8:45  Marine  
  89  8:46  Widow Mine, Marauder  
  89  8:47  Marine  
  89  8:48  Marine  
  98  8:49  Marine  
  98  8:52  Marauder  
  98  8:54  SCV  
  104  9:00  Widow Mine  
  106  9:03  SCV, Marine  
  106  9:05  Supply Depot  
  106  9:07  Supply Depot, Marine  
  111  9:10  Orbital Command  
  111  9:13  SCV, Ghost Academy  
  111  9:15  SCV  
  111  9:16  Marine  
  110  9:18  Liberator  
  110  9:24  Marauder  
  112  9:25  SCV  
  112  9:27  SCV  
  112  9:29  Marauder  
  115  9:35  Marine  
  115  9:36  SCV  
  115  9:37  SCV  
  120  9:40  Marine, Marauder  
  120  9:42  Marine x2  
  122  9:47  Marine  
  123  9:53  Marine  
  123  9:54  Marine  
  123  9:56  Liberator  
  123  10:00  Liberator  
  102  10:16  Widow Mine x2, Ghost x2  
  102  10:17  Ghost  
  102  10:20  Marine  
  108  10:21  Marine  
  108  10:22  Marine  
  108  10:27  Marine  
  107  10:37  Widow Mine x2, Marine  
  107  10:39  Marine  
  107  10:40  Marine  
  114  10:45  Ghost, Marine  
  114  10:46  Marauder x2  
  113  10:55  Marine  
  106  10:57  Marine  
  106  10:58  Widow Mine, Marine  
  106  10:59  Widow Mine  
  106  11:03  Marine  
  89  11:07  Marauder x2  
  63  11:13  Liberator, Marine  
  63  11:14  Marine x2  
  63  11:16  Marine  
  58  11:21  Marine  
  55  11:28  Marine, Marauder  
  55  11:29  Liberator  
  55  11:31  Marine  
  55  11:32  Marine x2  
  63  11:34  Marine  
  63  11:39  Marine  
  66  11:46  Marine  
  70  11:54  Marine x4  
  70  11:59  Marine  
  75  12:03  Marine  
  75  12:05  Marine  
  75  12:12  Marine  
  75  12:14  Marine  
  77  12:18  Widow Mine  
  77  12:20  Marine  
  77  12:21  Marauder  
  81  12:23  Marauder  
  81  12:24  Marine  
  81  12:29  Marine  
  80  12:32  Marine  
  80  12:35  Marine  
  79  12:41  Marine  
Tags
 
Add a new tag
Caveats
  • Supply blocks, unpowered buildings, or Contaminate may cause inaccurate times.
  • Supply counts are checked every 10 seconds.